 Dungeon Crawl Stone Soup version 0.23-a0-14-g8c9a20f (webtiles) character file.

46 Amnesiac the Magician (level 3, -1/24 HPs)
             Began as a Mummy Fire Elementalist on Aug 2, 2018.
             Slain by a crimson imp (3 damage)
             ... on level 2 of the Dungeon.
             The game lasted 00:01:58 (1087 turns).

Amnesiac the Magician (Mummy Fire Elementalist)     Turns: 1087, Time: 00:01:58

Health: -1/24      AC:  2    Str: 11    XL:     3   Next: 44%
Magic:  1/7        EV: 12    Int: 15    God:
Gold:   17         SH:  0    Dex: 12    Spells: 3/7 levels left

rFire    x . .     SeeInvis .   b - +0 hunting sling
rCold    + . .     Gourm    .   (no shield)
rNeg     + + +     Faith    .   a - +0 robe
rPois    ∞         Spirit   .   (no helmet)
rElec    .         Reflect  .   (no cloak)
rCorr    .         Harm     .   (no gloves)
MR       .....                  (no boots)
Stlth    ++........             (no amulet)
HPRegen  0.08/turn              (no ring)
MPRegen  0.10/turn              (no ring)

@: no status effects
A: no food or potions, fire vulnerability, cold resistance 1, negative energy
resistance 3, torment resistance, unbreathing
a: no special abilities


You were on level 2 of the Dungeon.
You were not hungry.

You visited 1 branch of the dungeon, and saw 3 of its levels.

You collected 17 gold pieces.

Inventory:

Hand Weapons
 b - a +0 hunting sling (weapon)
Missiles
 e - 33 stones (quivered)
Armour
 a - a +0 robe (worn)
Scrolls
 d - a scroll of remove curse {!r}


   Skills:
 - Level 1.5 Dodging
 - Level 1.5 Stealth
 - Level 2.6 Spellcasting
 * Level 2.6 Conjurations
 - Level 2.6 Fire Magic


You had 3 spell levels left.
You knew the following spells:

 Your Spells              Type           Power        Failure   Level  Hunger
a - Flame Tongue          Conj/Fire      #....        7%          1    N/A
s - Conjure Flame         Conj/Fire      #.......     22%         3    N/A

Your spell library contained the following spells:

 Spells                   Type           Power        Failure   Level  Hunger
 Fireball                 Conj/Fire      #.........   89%         5    N/A
 Throw Flame              Conj/Fire      #.....       11%         2    N/A
 Sticky Flame             Conj/Fire      #.......     56%         4    N/A
 Inner Flame              Hex/Fire       #.......     36%         3    N/A

Dungeon Overview and Level Annotations

Branches:
Dungeon (3/15)

Altars:
Okawaru

Annotations:
D:3 Jessica


Innate Abilities, Weirdness & Mutations

You do not eat or drink.
Your flesh is vulnerable to fire.
You are immune to poison.
Your flesh is cold resistant. (rC+)
You are immune to negative energy. (rN+++)
You are immune to unholy pain and torment.
You can survive without breathing.


Message History

Confirm with . or Enter, or press ? or * to list all spells.
Aiming: Flame Tongue (safe; 7% risk of failure)
Press: ? - help, Shift-Dir - straight line, f/p - orc
Aim: an orc, wielding a trident The flame tongue hits the orc.
The orc is heavily wounded.
The orc misses you.
Unknown command.
The orc barely misses you. The hobgoblin hits you with a club.
* * * LOW HITPOINT WARNING * * *
You climb upwards.
The crimson imp barely misses you. The crimson imp hits you.
* * * LOW HITPOINT WARNING * * *
There is a stone staircase leading down here.
The crimson imp disappears for a moment.
Casting: Flame Tongue (safe; 7% risk of failure)
Confirm with . or Enter, or press ? or * to list all spells.
Aiming: Flame Tongue (safe; 7% risk of failure)
Press: ? - help, Shift-Dir - straight line, f - hobgoblin
Aim: a hobgoblin, wielding a club You miscast Flame Tongue.
You are very lightly contaminated with residual magic.
Sparks fly from your hands! The crimson imp hits you.
* * * LOW HITPOINT WARNING * * *
Things that are here:
a ring mail; a hand axe; an orc skeleton The crimson imp blinks!
You see here a short sword.
Casting: Flame Tongue (safe; 7% risk of failure)
Confirm with . or Enter, or press ? or * to list all spells.
Aiming: Flame Tongue (safe; 7% risk of failure)
Press: ? - help, Shift-Dir - straight line, f/p - hobgoblin
Aim: a hobgoblin, wielding a club The flame tongue misses the hobgoblin.
Casting: Flame Tongue (safe; 7% risk of failure)
Confirm with . or Enter, or press ? or * to list all spells.
Aiming: Flame Tongue (safe; 7% risk of failure)
Press: ? - help, Shift-Dir - straight line, f/p - hobgoblin
Aim: a hobgoblin, wielding a club The flame tongue misses the hobgoblin.
The hobgoblin closely misses you.
Casting: Flame Tongue (safe; 7% risk of failure)
Confirm with . or Enter, or press ? or * to list all spells.
You don't have enough magic to cast that spell.
Your magical contamination has completely faded away.
The crimson imp blinks!
Found a ration.
A hobgoblin comes into view.
The hobgoblin shouts!
The crimson imp blinks!
The hobgoblin misses you. The hobgoblin barely misses you.
The hobgoblin hits you.
* * * LOW HITPOINT WARNING * * *
Really read
c - a scroll labeled IBEAPA ICOSS {!r}?
As you read the scroll labeled IBEAPA ICOSS {!r}, it crumbles to dust.
It is a scroll of identify.
d - a scroll of remove curse {!r} The hobgoblin hits you but does no damage.
The hobgoblin hits you.
* * * LOW HITPOINT WARNING * * *
The hobgoblin hits you.
* * * LOW HITPOINT WARNING * * *
The hobgoblin closely misses you. The crimson imp hits you.
You die...

######## #......#
#..%...# #......#
#......# #
#.g....# ######
#......# #.....
#g###### #.....
#@# #..... #5#
###### #.# # #.#
######### #.#
#......## #.#
##.####...
#.#######...######
#)#....##.........
#.#.##.##....#####


You could see a crimson imp and 2 hobgoblins.

Vanquished Creatures
  An adder (D:2)
  An ooze (D:1)
  A dart slug (D:2)
  A leopard gecko (D:1)
  5 orcs
  A ball python (D:2)
  A goblin (D:1)
  4 hobgoblins
  2 jackals (D:1)
  A quokka (D:3)
  2 frilled lizards
  2 kobolds
  A rat (D:2)
23 creatures vanquished.

Notes
Turn   | Place    | Note
-------+----------+-------------------------------------------
     0 | D:1      | Amnesiac the Mummy Fire Elementalist began the quest for the Orb.
     0 | D:1      | Reached XP level 1. HP: 13/13 MP: 4/4
    73 | D:1      | Reached skill level 1 in Conjurations
   272 | D:1      | Reached XP level 2. HP: 18/19 MP: 3/5
   623 | D:2      | Reached XP level 3. HP: 16/24 MP: 1/7
   628 | D:2      | Learned a level 3 spell: Conjure Flame
   743 | D:3      | Found an iron altar of Okawaru.
  1043 | D:3      | Noticed Jessica
  1087 | D:2      | Slain by a crimson imp

Vault maps used:
D:1:      tarquinn_simple_flora_water_c, hangedman_decor_growths
D:3:      chequers_ecumenical_altar_simple, first_ration,
          okawaru_metal_pillars_1_2, uniq_jessica

Skill      XL: |  1  2 |
---------------+-------+-----
Conjurations   | 1 2 |  2.6
Dodging        | |  1.5
Stealth        | |  1.5
Spellcasting   | |  2.6
Fire Magic     | |  2.6

Action                   || total
-------------------------++-------
 Fire: Hunting sling     ||    14
 Cast: Flame Tongue      ||    47
       Conjure Flame     ||     1
  Use: Scroll            ||     1
Armor: Robe              ||     5
Dodge: Dodged            ||    21

Table legend:
 A = Spawn XP
 B = Non-spawn XP
 C = Spawn XP percentage of total XP
 D = Spawn monster count
 E = Non-spawn monster count
 F = Spawn count percentage of total count
 G = Total turns spent on level
                    A         B        C        D         E        F      G
               +---------+---------+-------+---------+---------+-------+---------
         Total |       0 |      66 |   0.0 |       0 |      23 |   0.0 |  1087
               +---------+---------+-------+---------+---------+-------+---------
           D:1 |       0 |      24 |   0.0 |       0 |      10 |   0.0 |   460
           D:2 |       0 |      32 |   0.0 |       0 |       9 |   0.0 |   590
           D:3 |       0 |      10 |   0.0 |       0 |       4 |   0.0 |    37
               +---------+---------+-------+---------+---------+-------+---------
